[ AOE2 MATCH · #480039750 ]
UnrankedBritons vs Malay
Player's team · WIN
Rival team · LOSS
[ REPLAY ANALYSIS · EXTRACTED FROM THE RECORDED GAME ]
Feudal
11:36
Castle
16:05
Imperial
—
| APM avg | 19.7 |
| APM peak | 60 |
| eAPM avg | 14.2 |
| Villagers / military | 39 / 8 |
Focus
⚔️ 16.2% · 🌾 83.8%
Archer ×8
Feudal
10:55
Castle
13:55
Imperial
—
| APM avg | 15.7 |
| APM peak | 31 |
| eAPM avg | 10.8 |
| Villagers / military | 35 / 46 |
Focus
⚔️ 31.7% · 🌾 68.3%
Karambit Warrior ×43 · Petard ×3
Match map
Initial resources + every placement click. Lines = walls · curves = elevation contours. ◆ gold · ⬟ stone · ● berries · ✦ relic · ◌ wall gap
Your base· ✓ Closed at 16:05 · 0t walls · 3 gate(s)
skadooshkfp's base· ✓ Closed at 13:55 · 0t walls · 3 gate(s)
Smoothed initial terrain · ◌ = detected wall gap · hover for details
Inputs per minute
— djwcb - - skadooshkfp
Build order — djwcb
91 actions detected in the replay
| 0:09 | Create | Villager (Male) |
| 0:09 | Create | Villager (Male) |
| 0:10 | Create | Villager (Male) |
| 0:10 | Create | Villager (Male) |
| 0:10 | Create | Villager (Male) |
| 0:12 | Build | House |
| 0:14 | Build | House |
| 1:34 | Create | Villager (Male) |
| 1:36 | Build | Lumber Camp |
| 2:16 | Create | Villager (Male) |
| 2:38 | Create | Villager (Male) |
| 3:10 | Create | Villager (Male) |
| 3:12 | Create | Villager (Male) |
| 3:38 | Create | Villager (Male) |
| 4:10 | Create | Villager (Male) |
| 4:28 | Build | House |
| 4:55 | Create | Villager (Male) |
| 4:59 | Create | Villager (Male) |
| 5:00 | Create | Villager (Male) |
| 6:02 | Create | Villager (Male) |
| 6:18 | Create | Villager (Male) |
| 6:19 | Create | Villager (Male) |
| 6:22 | Build | Mill |
| 6:28 | Build | House |
| 7:08 | Build | Mill |
| 7:35 | Create | Villager (Male) |
| 7:36 | Create | Villager (Male) |
| 7:38 | Create | Villager (Male) |
| 7:39 | Create | Villager (Male) |
| 9:01 | Build | Mining Camp |
| 9:26 | Research | Feudal Age |
| 10:00 | Build | Farm |
| 10:01 | Build | Farm |
| 10:01 | Build | Farm |
| 10:08 | Build | Farm |
| 10:35 | Build | House |
| 10:41 | Build | Barracks |
| 11:25 | Create | Villager (Male) |
| 11:26 | Create | Villager (Male) |
| 11:36 | Age | Feudal Age |
| 11:43 | Build | Blacksmith |
| 12:13 | Build | Archery Range |
| 12:23 | Research | Loom |
| 12:27 | Build | Farm |
| 12:32 | Build | Farm |
| 12:58 | Create | Villager (Male) |
| 13:25 | Research | Castle Age |
| 13:52 | Research | Double-Bit Axe |
| 14:07 | Build | Outpost |
| 14:09 | Build | Outpost |
| 14:12 | Build | Mining Camp |
| 14:26 | Create | Archer |
| 14:32 | Research | Horse Collar |
| 14:34 | Research | Gold Mining |
| 15:01 | Build | House |
| 15:17 | Build | House |
| 15:18 | Build | House |
| 15:20 | Build | House |
| 15:21 | Build | House |
| 15:31 | Create | Archer |
| 15:46 | Create | Villager (Male) |
| 16:05 | Age | Castle Age |
| 16:11 | Build | Town Center |
| 16:16 | Create | Villager (Male) |
| 16:50 | Create | Villager (Male) |
| 17:10 | Create | Villager (Male) |
| 17:17 | Create | Archer |
| 17:19 | Research | Crossbowman (upgrade) |
| 17:25 | Research | Fletching |
| 17:44 | Build | Town Center |
| 17:49 | Create | Villager (Male) |
| 18:00 | Build | Farm |
| 18:12 | Create | Villager (Male) |
| 18:24 | Build | Farm |
| 18:25 | Create | Villager (Male) |
| 18:30 | Create | Archer |
| 18:52 | Build | Watch Tower |
| 19:03 | Create | Archer |
| 19:21 | Create | Archer |
| 19:38 | Create | Villager (Male) |
| 19:39 | Create | Villager (Male) |
| 19:52 | Create | Villager (Male) |
| 19:58 | Create | Archer |
| 20:07 | Research | Bodkin Arrow |
| 20:09 | Create | Villager (Male) |
| 20:16 | Build | Gate |
| 20:28 | Create | Villager (Male) |
| 20:30 | Create | Villager (Male) |
| 20:54 | Build | Lumber Camp |
| 20:59 | Create | Villager (Male) |
| 21:12 | Create | Archer |
Build order — skadooshkfp
129 actions detected in the replay
| 0:01 | Create | Villager (Male) |
| 0:01 | Create | Villager (Male) |
| 0:02 | Create | Villager (Male) |
| 0:03 | Build | House |
| 0:05 | Build | House |
| 0:12 | Create | Villager (Male) |
| 1:23 | Create | Villager (Male) |
| 1:24 | Create | Villager (Male) |
| 1:45 | Build | Lumber Camp |
| 2:02 | Create | Villager (Male) |
| 2:15 | Create | Villager (Male) |
| 2:38 | Build | House |
| 2:40 | Build | House |
| 3:03 | Create | Villager (Male) |
| 3:03 | Create | Villager (Male) |
| 3:31 | Create | Villager (Male) |
| 3:48 | Create | Villager (Male) |
| 4:19 | Build | Mill |
| 4:21 | Create | Villager (Male) |
| 5:06 | Create | Villager (Male) |
| 5:06 | Create | Villager (Male) |
| 5:42 | Create | Villager (Male) |
| 5:52 | Create | Villager (Male) |
| 6:11 | Create | Villager (Male) |
| 6:26 | Create | Villager (Male) |
| 6:37 | Create | Villager (Male) |
| 6:58 | Create | Villager (Male) |
| 6:59 | Create | Villager (Male) |
| 7:16 | Build | House |
| 7:27 | Create | Villager (Male) |
| 8:10 | Build | Mining Camp |
| 8:40 | Build | Mill |
| 9:30 | Build | Mining Camp |
| 9:37 | Research | Feudal Age |
| 9:40 | Create | Villager (Male) |
| 9:40 | Create | Villager (Male) |
| 9:41 | Research | Loom |
| 10:09 | Create | Villager (Male) |
| 10:10 | Create | Villager (Male) |
| 10:10 | Create | Villager (Male) |
| 10:55 | Age | Feudal Age |
| 11:00 | Build | Market |
| 11:06 | Build | Blacksmith |
| 11:35 | Create | Villager (Male) |
| 11:51 | Build | House |
| 12:17 | Research | Castle Age |
| 12:26 | Build | Lumber Camp |
| 12:54 | Research | Horse Collar |
| 12:59 | Create | Villager (Male) |
| 13:09 | Build | Farm |
| 13:09 | Build | Farm |
| 13:09 | Build | Farm |
| 13:10 | Build | Farm |
| 13:10 | Build | Farm |
| 13:55 | Age | Castle Age |
| 14:07 | Build | Farm |
| 14:08 | Build | Farm |
| 14:08 | Build | Farm |
| 14:09 | Build | Farm |
| 14:31 | Build | Farm |
| 14:31 | Build | Farm |
| 14:31 | Build | Farm |
| 14:32 | Build | Farm |
| 15:04 | Build | Castle |
| 15:11 | Create | Villager (Male) |
| 15:12 | Create | Villager (Male) |
| 15:20 | Research | Double-Bit Axe |
| 15:45 | Build | Farm |
| 15:46 | Build | Farm |
| 15:46 | Build | Farm |
| 15:46 | Build | Farm |
| 15:47 | Build | Farm |
| 16:02 | Create | Villager (Male) |
| 16:10 | Create | Villager (Male) |
| 16:14 | Build | Farm |
| 16:14 | Build | Farm |
| 16:15 | Build | Farm |
| 16:21 | Create | Petard |
| 16:46 | Create | Petard |
| 17:03 | Build | Farm |
| 17:03 | Build | Farm |
| 17:03 | Build | Farm |
| 17:04 | Build | Farm |
| 17:04 | Build | Farm |
| 17:07 | Create | Villager (Male) |
| 17:16 | Create | Petard |
| 17:40 | Create | Karambit Warrior |
| 17:40 | Create | Karambit Warrior |
| 17:41 | Create | Karambit Warrior |
| 18:00 | Create | Karambit Warrior |
| 18:00 | Create | Karambit Warrior |
| 18:01 | Create | Karambit Warrior |
| 18:01 | Create | Karambit Warrior |
| 18:03 | Create | Karambit Warrior |
| 18:04 | Create | Karambit Warrior |
| 18:23 | Create | Karambit Warrior |
| 18:24 | Create | Karambit Warrior |
| 18:30 | Create | Karambit Warrior |
| 18:30 | Create | Karambit Warrior |
| 18:43 | Create | Karambit Warrior |
| 18:44 | Create | Karambit Warrior |
| 19:00 | Create | Karambit Warrior |
| 19:00 | Create | Karambit Warrior |
| 19:19 | Create | Karambit Warrior |
| 19:20 | Create | Karambit Warrior |
| 19:30 | Create | Karambit Warrior |
| 19:31 | Create | Karambit Warrior |
| 19:31 | Create | Karambit Warrior |
| 19:32 | Create | Karambit Warrior |
| 19:32 | Create | Karambit Warrior |
| 19:32 | Create | Karambit Warrior |
| 19:43 | Create | Karambit Warrior |
| 19:43 | Create | Karambit Warrior |
| 19:51 | Create | Karambit Warrior |
| 19:56 | Create | Karambit Warrior |
| 20:14 | Create | Karambit Warrior |
| 20:14 | Create | Karambit Warrior |
| 20:18 | Create | Karambit Warrior |
| 20:19 | Create | Karambit Warrior |
| 20:27 | Create | Karambit Warrior |
| 20:27 | Create | Karambit Warrior |
| 20:28 | Create | Karambit Warrior |
| 20:30 | Create | Karambit Warrior |
| 20:42 | Create | Karambit Warrior |
| 20:45 | Create | Karambit Warrior |
| 21:01 | Create | Karambit Warrior |
| 21:02 | Create | Karambit Warrior |
| 21:05 | Create | Karambit Warrior |
| 21:05 | Create | Karambit Warrior |
Match timeline
| 10:41 | djwcb · first_building Barracks |
| 10:55 | skadooshkfp · age_up feudal |
| 11:36 | djwcb · age_up feudal |
| 12:13 | djwcb · first_building Archery Range |
| 13:55 | skadooshkfp · age_up castle |
| 15:04 | skadooshkfp · first_building Castle |
| 16:05 | djwcb · age_up castle |
| 21:16 | skadooshkfp · resign |
[ AI ANALYSIS · 1 CREDIT ]
What really happened in this match?
Wolo.gg analyzes every decision: build order, eco, micro, common mistakes by bracket. Personalized analysis on WhatsApp or Discord in 30 seconds.
Civ guide
Britons
Perfil
Jugador #18666921